 Dungeon Crawl Stone Soup version 0.17-a0-1621-gfc7a675 (webtiles) character file.

58 MiaIshata the Shield-Bearer (level 4, -4/31 HPs)
             Began as a Halfling Fighter on Aug 2, 2015.
             Killed from afar by Robin (5 damage)
             ... with a wand of magic darts
             ... on level 2 of the Dungeon.
             The game lasted 00:08:03 (1003 turns).

MiaIshata the Shield-Bearer (Halfling Fighter)      Turns: 1003, Time: 00:08:03

Health: -4/31      AC:  8    Str: 17    XL:     4   Next: 20%
Magic:  4/4        EV:  9    Int:  7    God:
Gold:   30         SH:  9    Dex: 13    Spells: 0 memorised, 3 levels left

rFire  . . .     SeeInvis .     a - +0 long sword
rCold  . . .     Clarity  +     b - +0 scale mail
rNeg   . . .     SustAt   .     c - +0 shield
rPois  .         Gourm    .     (no helmet)
rElec  .         Spirit   .     (no cloak)
rCorr  .         Warding  .     (no gloves)
rMut   .         Stasis   .     (no boots)
MR     +....                    (no amulet)
Stlth  ..........               (no ring)
                                (no ring)

@: somewhat resistant to hostile enchantments, extremely unstealthy
A: molten scales 1, clarity, magic resistance 1, mutation resistance 1, spit
poison 1
a: Spit Poison


You were on level 2 of the Dungeon.
You were hungry.

You visited 1 branch of the dungeon, and saw 2 of its levels.

You collected 30 gold pieces.

Inventory:

Hand weapons
 a - a +0 long sword (weapon)
Armour
 b - a +0 scale mail (worn)
 c - a +0 shield (worn)
Scrolls
 g - a scroll of identify {unknown}
 h - a scroll of immolation {unknown}
 i - a scroll of amnesia {unknown}
Comestibles
 e - 2 bread rations
 j - a meat ration


   Skills:
 * Level 3.1 Fighting
 + Level 2.3 Long Blades
 + Level 3.8 Armour
 + Level 0.7 Dodging
 + Level 3.9 Shields


You had 3 spell levels left.
You didn't know any spells.

Dungeon Overview and Level Annotations

Branches:
Dungeon (2/15)

Altars:

Annotations:
D:2 Robin


Innate Abilities, Weirdness & Mutations

You are small and have problems with some larger weapons.
You are somewhat resistant to further mutation.
You are partially covered in molten scales (AC +1).
You possess an exceptional clarity of mind.
You are resistant to hostile enchantments.
You can spit weak poison.


Message History

You kill the hobgoblin!
Robin throws the goblin at you! The goblin barely misses you.
Robin roars a battlecry!
You slash the goblin!
You kill the goblin!
The goblin hits you but does no damage.
Your shield and scale mail prevent you from hitting the goblin.
You block the goblin's attack.
Robin roars a battlecry!
The goblins go into a battle-frenzy!
Robin zaps a wand.
The magic dart hits you!
It is a wand of magic darts.
You block the goblin's attack.
You barely miss the goblin.
Robin zaps a wand.
The magic dart hits you! The goblin hits you but does no damage.
Robin zaps a wand.
The magic dart hits you!
* * * LOW HITPOINT WARNING * * *
You slash the goblin!
You kill the goblin!
Robin zaps a wand.
The magic dart hits you!
You die...

######### #gggg@..#
#.#####.# #.#####.#
###gg...#)# #
#####.ggg##.#.###########
# ..gg.....#
#...........####
....g....#
.###########.##..
.........#
.........)..<...#
#####....#
.###...#########


You could see Robin, 2 hobgoblins and a goblin.

Vanquished Creatures
  Terence (D:2)
  3 bats (D:1)
  6 goblins
  5 hobgoblins
  A giant newt (D:1)
  3 jackals (D:1)
  9 kobolds
  5 rats (D:1)
33 creatures vanquished.

Notes
Turn   | Place    | Note
--------------------------------------------------------------
     0 | D:1      | MiaIshata the Halfling Fighter began the quest for the Orb.
     0 | D:1      | Reached XP level 1. HP: 15/15 MP: 1/1
   254 | D:1      | Reached XP level 2. HP: 20/20 MP: 2/2
   401 | D:1      | Gained mutation: You are partially covered in molten scales (AC +1). [potion of mutation]
   401 | D:1      | Gained mutation: You possess an exceptional clarity of mind. [potion of mutation]
   469 | D:1      | Gained mutation: You are resistant to hostile enchantments. [potion of mutation]
   469 | D:1      | Gained mutation: You can spit weak poison. [potion of mutation]
   820 | D:2      | Reached XP level 3. HP: 26/26 MP: 3/3
   839 | D:2      | Noticed Terence
   859 | D:2      | Killed Terence
   859 | D:2      | Reached XP level 4. HP: 16/31 MP: 4/4
   974 | D:2      | Noticed Robin
  1002 | D:2      | HP: 1/31 [Robin/wand of magic darts (11)]
  1003 | D:2      | Killed from afar by Robin

Vault maps used:
D:1:      matt_arrival_grand_opening
D:2:      mumra_celtic_spiral_tile, first_bread, kennysheep_doodads,
          nicolae_gozag_seed_capital, uniq_crazy_yiuf_cottage, uniq_robin,
          uniq_terence

Action                   |  1- 3 |  4- 6 || total
-------------------------+-------+-------++-------
Melee: Long sword        |    90 |    28 ||   118
 Abil: Spit Poison       |     3 |       ||     3
  Use: Potion            |     6 |       ||     6
       Scroll            |     1 |       ||     1
